General information
- name: BNet
- type: Ladder team game (AT/RT)
- host: Battle.net
- saver: ReignIForever
map: Cherryville
- players: 8
- length: 23:28
- speed: Fast
- version: 1.26 W3XP
- replay type: Public
» download(153 KB)
Players
team 1 (winner)

»
thtcrazykush (
purple | 36 APM | 841 actions | 23:27)
4 Mountain King
2 Storm Bolt
2 Bash
5 Paladin
2 Holy Light
2 Divine Shield
1 Devotion Aura
» actions
| Build / train | 80 | |
| Enter build submenu | 25 | |
| Enter hero's abilities submenu | 9 | |
| Give item / drop item | 5 | |
| Right click | 315 | |
| Select / deselect | 333 | |
| Use ability | 74 | |
841 total
» units
| Peasant | 14 | |
| Rifleman | 6 | |
| Mortar Team | 5 | |
| Siege Engine | 10 | |
| Knight | 4 | |
39 total
» upgrades
| Gunpowder | 3 | |
| Lumber Harvesting | 1 | |
| Flare | 1 | |
| Armor | 2 | |
| Barrage | 1 | |
| Plating | 2 | |
| Swords | 2 | |
| Animal War Training | 1 | |
13 total
» buildings
| Altar of Kings | 1 | |
| Farm | 12 | |
| Blacksmith | 1 | |
| Barracks | 2 | |
| Lumber Mill | 1 | |
| Arcane Vault | 1 | |
| Scout Tower | 2 | |
| Arcane Tower | 1 | |
| Keep | 1 | |
| Town Hall | 1 | |
| Workshop | 2 | |
| Guard Tower | 1 | |
| Castle | 1 | |
27 total
» build order
00:06 Altar of Kings
00:24 Farm
01:06 Blacksmith
01:27 Barracks
01:30 Barracks
01:46 Lumber Mill
02:08 Farm
02:17 Farm
02:44 Arcane Vault
03:04 Scout Tower
03:26 Farm
03:39 Arcane Tower
03:55 Farm
04:27 Keep
05:54 Town Hall
06:31 Scout Tower
06:53 Workshop
07:08 Farm
07:32 Workshop
07:43 Guard Tower
07:49 Farm
10:59 Castle
12:25 Farm
12:29 Farm
13:25 Farm
14:14 Farm
14:56 Farm
» items
| Scroll of Regeneration | 6 | |
| Lesser Clarity Potion | 1 | |
| Scroll of Town Portal | 2 | |
| Potion of Healing | 2 | |
| Potion of Mana | 1 | |
| Orb of Fire | 1 | |
13 total
2StOnE4u (
pink | 37 APM | 878 actions | 23:27)
4 Blademaster
2 Wind Walk
2 Critical Strike
3 Tauren Chieftain
2 Endurance Aura
1 War Stomp
» actions
| Assign group hotkey | 13 | |
| Build / train | 68 | |
| Enter build submenu | 29 | |
| Enter hero's abilities submenu | 7 | |
| Give item / drop item | 4 | |
| Remove unit from queue | 2 | |
| Right click | 362 | |
| Select / deselect | 244 | |
| Select group hotkey | 102 | |
| Use ability | 47 | |
878 total
» units
| Peon | 18 | |
| Grunt | 5 | |
| Tauren | 6 | |
| Shaman | 4 | |
| Spirit Walker | 2 | |
35 total
» upgrades
| Berserker Strength | 1 | |
| Melee Weapons | 3 | |
| Armor | 2 | |
| Shaman Training | 2 | |
| Pillage | 1 | |
| Pulverize | 1 | |
| Witch Doctor Training | 1 | |
| Spirit Walker Training | 2 | |
13 total
» buildings
| Altar of Storms | 1 | |
| Orc Burrow | 9 | |
| Barracks | 1 | |
| Voodoo Lounge | 2 | |
| Stronghold | 1 | |
| War Mill | 1 | |
| Fortress | 1 | |
| Great Hall | 1 | |
| Tauren Totem | 2 | |
| Spirit Lodge | 1 | |
| Watch Tower | 6 | |
| Beastiary | 1 | |
27 total
» build order
00:07 Altar of Storms
00:25 Orc Burrow
00:37 Barracks
01:49 Orc Burrow
02:15 Voodoo Lounge
03:17 Stronghold
03:43 Orc Burrow
04:47 War Mill
05:46 Fortress
06:24 Orc Burrow
06:54 Great Hall
08:19 Tauren Totem
08:53 Spirit Lodge
09:50 Orc Burrow
11:09 Orc Burrow
11:35 Watch Tower
12:41 Orc Burrow
12:56 Watch Tower
13:47 Watch Tower
14:03 Beastiary
14:11 Tauren Totem
15:25 Watch Tower
15:39 Orc Burrow
17:23 Watch Tower
21:31 Orc Burrow
22:41 Watch Tower
22:48 Voodoo Lounge
» items
| Healing Salve | 3 | |
| Scroll of Protection | 1 | |
| Orb of Lightning | 2 | |
| Scroll of Town Portal | 1 | |
7 total
ReignIForever (
yellow | 89 APM | 2078 actions | 23:28)
6 Blood Mage
3 Flame Strike
2 Siphon Mana
1 Summon Phoenix
» actions
| Assign group hotkey | 56 | |
| Basic commands | 67 | |
| Build / train | 227 | |
| ESC pressed | 10 | |
| Enter build submenu | 46 | |
| Enter hero's abilities submenu | 6 | |
| Give item / drop item | 4 | |
| Remove unit from queue | 1 | |
| Right click | 533 | |
| Select / deselect | 401 | |
| Select group hotkey | 550 | |
| Use ability | 177 | |
2078 total
» units
| Peasant | 33 | |
| Footman | 18 | |
| Sorceress | 1 | |
| Mortar Team | 4 | |
| Knight | 2 | |
| Goblin Shredder | 2 | |
| Goblin Zeppelin | 3 | |
| Spell Breaker | 7 | |
| Siege Engine | 3 | |
| Goblin Sapper | 3 | |
| Rifleman | 1 | |
77 total
» upgrades
| Masonry | 3 | |
| Swords | 3 | |
| Defend | 1 | |
| Lumber Harvesting | 2 | |
| Sorceress Training | 2 | |
| Magic Sentry | 1 | |
| Gunpowder | 4 | |
| Plating | 4 | |
| Animal War Training | 1 | |
| Fragmentation Shards | 1 | |
| Control Magic | 1 | |
| Priest Training | 2 | |
| Long Rifles | 1 | |
| Backpack | 1 | |
| Armor | 1 | |
| Flak Cannons | 1 | |
| Flying Machine Bombs | 1 | |
30 total
» buildings
| Altar of Kings | 1 | |
| Barracks | 1 | |
| Farm | 14 | |
| Town Hall | 1 | |
| Arcane Vault | 2 | |
| Lumber Mill | 1 | |
| Keep | 2 | |
| Blacksmith | 1 | |
| Scout Tower | 17 | |
| Guard Tower | 40 | |
| Arcane Sanctum | 2 | |
| Arcane Tower | 2 | |
| Castle | 3 | |
| Workshop | 2 | |
89 total
» build order
00:08 Altar of Kings
00:10 Barracks
00:15 Farm
01:04 Farm
01:40 Farm
02:41 Farm
03:25 Town Hall
04:10 Arcane Vault
04:22 Arcane Vault
04:47 Lumber Mill
05:51 Keep
05:51 Keep
06:00 Blacksmith
06:32 Scout Tower
06:33 Scout Tower
06:39 Scout Tower
06:40 Scout Tower
07:38 Guard Tower
07:38 Guard Tower
07:42 Scout Tower
07:45 Scout Tower
08:37 Arcane Sanctum
08:59 Guard Tower
09:00 Guard Tower
09:00 Guard Tower
09:06 Guard Tower
09:06 Guard Tower
09:10 Guard Tower
09:20 Farm
09:24 Arcane Tower
09:29 Guard Tower
09:29 Guard Tower
10:48 Castle
10:48 Castle
10:53 Guard Tower
10:53 Guard Tower
10:56 Guard Tower
10:56 Guard Tower
11:06 Guard Tower
11:06 Guard Tower
11:45 Guard Tower
11:45 Guard Tower
11:46 Guard Tower
11:58 Workshop
12:01 Workshop
12:59 Guard Tower
13:03 Guard Tower
13:13 Guard Tower
13:14 Guard Tower
13:46 Scout Tower
13:49 Scout Tower
13:51 Scout Tower
14:17 Farm
14:18 Farm
14:25 Guard Tower
15:42 Arcane Sanctum
15:47 Scout Tower
15:48 Scout Tower
15:49 Scout Tower
15:49 Scout Tower
15:54 Scout Tower
15:57 Scout Tower
17:02 Farm
17:03 Farm
17:06 Scout Tower
17:07 Scout Tower
17:12 Farm
17:13 Farm
17:16 Farm
18:38 Guard Tower
21:20 Farm
21:23 Farm
» items
| Scroll of Regeneration | 7 | |
| Periapt of Vitality | 1 | |
| Boots of Speed | 1 | |
| Staff of Teleportation | 1 | |
| Potion of Invisibility | 2 | |
| Lesser Clarity Potion | 6 | |
| Scroll of Town Portal | 4 | |
| Ivory Tower | 13 | |
| Potion of Healing | 1 | |
| Staff of Sanctuary | 1 | |
37 total
13rickSquad8 (
blue | 26 APM | 620 actions | 23:27)
8 Demon Hunter
3 Immolation
3 Evasion
1 Metamorphosis
1 Mana Burn
3 Priestess of the Moon
2 Trueshot Aura
1 Searing Arrows
» actions
| Assign group hotkey | 6 | |
| Basic commands | 1 | |
| Build / train | 75 | |
| Enter build submenu | 19 | |
| Enter hero's abilities submenu | 11 | |
| Give item / drop item | 1 | |
| Right click | 280 | |
| Select / deselect | 161 | |
| Select group hotkey | 29 | |
| Use ability | 37 | |
620 total
» units
| Wisp | 17 | |
| Archer | 4 | |
| Goblin Shredder | 1 | |
| Chimaera | 8 | |
| Hippogryph | 12 | |
42 total
» upgrades
| Corrosive Breath | 1 | |
| Strength of the Wild | 3 | |
| Reinforced Hides | 3 | |
| Well Spring | 1 | |
| Ultravision | 1 | |
| Strength of the Moon | 1 | |
| Moon Armor | 1 | |
11 total
» buildings
| Moon Well | 8 | |
| Altar of Elders | 1 | |
| Ancient of War | 1 | |
| Ancient of Wonders | 1 | |
| Tree of Ages | 1 | |
| Tree of Life | 1 | |
| Hunter's Hall | 1 | |
| Tree of Eternity | 1 | |
| Ancient of Wind | 1 | |
| Chimaera Roost | 3 | |
19 total
» build order
00:24 Moon Well
00:37 Altar of Elders
00:51 Ancient of War
01:43 Moon Well
02:05 Ancient of Wonders
02:38 Moon Well
03:39 Moon Well
03:44 Tree of Ages
04:50 Tree of Life
04:57 Hunter's Hall
06:13 Moon Well
06:15 Tree of Eternity
06:32 Ancient of Wind
07:29 Moon Well
08:34 Moon Well
08:50 Chimaera Roost
08:53 Chimaera Roost
09:04 Chimaera Roost
09:32 Moon Well
» items
| Scroll of Town Portal | 2 | |
| Orb of Venom | 2 | |
| Potion of Healing | 2 | |
6 total
team 2 (loser)
LetsGoo (
red | 17 APM | 407 actions | 23:27)
2 Paladin
1 Holy Light
1 Divine Shield
» actions
| Assign group hotkey | 28 | |
| Basic commands | 45 | |
| Build / train | 34 | |
| Enter build submenu | 15 | |
| Enter hero's abilities submenu | 2 | |
| Remove unit from queue | 1 | |
| Right click | 64 | |
| Select / deselect | 136 | |
| Select group hotkey | 59 | |
| Use ability | 23 | |
407 total
» units
» upgrades
» buildings
| Altar of Kings | 1 | |
| Farm | 9 | |
| Blacksmith | 1 | |
| Barracks | 2 | |
| Keep | 1 | |
| Town Hall | 1 | |
| Castle | 1 | |
16 total
» build order
00:18 Altar of Kings
00:36 Farm
00:39 Farm
00:52 Blacksmith
02:09 Barracks
02:14 Barracks
02:23 Farm
02:30 Farm
02:51 Farm
03:01 Farm
04:55 Farm
05:35 Keep
05:45 Farm
06:48 Farm
07:44 Town Hall
16:52 Castle

»
Happy (
green | 215 APM | 4112 actions | 19:07)
5 Death Knight
3 Death Coil
2 Unholy Aura
2 Lich
1 Frost Nova
1 Dark Ritual
1 Crypt Lord
1 Impale
» actions
| Assign group hotkey | 23 | |
| Basic commands | 111 | |
| Build / train | 64 | |
| Enter build submenu | 33 | |
| Enter hero's abilities submenu | 8 | |
| Give item / drop item | 4 | |
| Right click | 853 | |
| Select / deselect | 561 | |
| Select group hotkey | 2347 | |
| Use ability | 108 | |
4112 total
» units
| Acolyte | 17 | |
| Ghoul | 1 | |
| Crypt Fiend | 5 | |
| Goblin Shredder | 4 | |
| Frost Wyrm | 3 | |
30 total
» upgrades
| Burrow | 1 | |
| Creature Attack | 3 | |
| Web | 1 | |
| Creature Carapace | 1 | |
6 total
» buildings
| Graveyard | 1 | |
| Crypt | 1 | |
| Altar of Darkness | 1 | |
| Ziggurat | 10 | |
| Tomb of Relics | 2 | |
| Halls of the Dead | 2 | |
| Black Citadel | 1 | |
| Sacrificial Pit | 1 | |
| Necropolis | 2 | |
| Boneyard | 3 | |
| Nerubian Tower | 1 | |
| Spirit Tower | 1 | |
26 total
» build order
00:07 Graveyard
00:13 Crypt
00:55 Altar of Darkness
00:59 Ziggurat
01:36 Tomb of Relics
02:01 Ziggurat
03:34 Halls of the Dead
04:06 Ziggurat
06:08 Ziggurat
07:46 Black Citadel
07:52 Sacrificial Pit
08:02 Necropolis
11:04 Tomb of Relics
11:08 Ziggurat
11:11 Ziggurat
11:13 Necropolis
11:32 Boneyard
11:33 Boneyard
11:37 Boneyard
11:58 Ziggurat
12:00 Ziggurat
12:17 Nerubian Tower
12:18 Spirit Tower
17:59 Ziggurat
18:02 Ziggurat
» items
| Rod of Necromancy | 4 | |
| Orb of Corruption | 1 | |
| Dust of Appearance | 1 | |
6 total

»
RuskyFresh (
orange | 50 APM | 947 actions | 18:52)
4 Paladin
2 Holy Light
2 Devotion Aura
1 Mountain King
1 Storm Bolt
» actions
| Assign group hotkey | 102 | |
| Build / train | 49 | |
| Enter build submenu | 21 | |
| Enter hero's abilities submenu | 7 | |
| Give item / drop item | 2 | |
| Right click | 294 | |
| Select / deselect | 140 | |
| Select group hotkey | 278 | |
| Use ability | 54 | |
947 total
» units
» upgrades
| Defend | 1 | |
| Plating | 3 | |
| Lumber Harvesting | 1 | |
| Swords | 3 | |
| Animal War Training | 1 | |
9 total
» buildings
| Altar of Kings | 1 | |
| Farm | 10 | |
| Barracks | 2 | |
| Keep | 1 | |
| Town Hall | 1 | |
| Lumber Mill | 1 | |
| Castle | 1 | |
| Blacksmith | 1 | |
| Scout Tower | 1 | |
| Arcane Tower | 1 | |
| Arcane Vault | 1 | |
| Arcane Sanctum | 1 | |
| Gryphon Aviary | 1 | |
23 total
» build order
00:06 Altar of Kings
00:18 Farm
00:37 Barracks
01:27 Farm
02:08 Farm
03:01 Farm
03:14 Keep
04:39 Town Hall
05:02 Farm
06:15 Lumber Mill
06:34 Castle
06:43 Blacksmith
07:55 Barracks
08:22 Scout Tower
08:51 Farm
08:55 Arcane Tower
09:54 Farm
12:06 Arcane Vault
12:54 Farm
13:40 Farm
14:21 Farm
15:11 Arcane Sanctum
16:53 Gryphon Aviary
» items
| Scroll of Town Portal | 2 | |
| Orb of Corruption | 1 | |
| Scroll of Healing | 1 | |
4 total

»
trojan09 (
teal | 37 APM | 718 actions | 19:16)
3 Warden
2 Fan of Knives
1 Blink
» actions
| Assign group hotkey | 25 | |
| Basic commands | 31 | |
| Build / train | 77 | |
| ESC pressed | 1 | |
| Enter build submenu | 23 | |
| Enter hero's abilities submenu | 3 | |
| Right click | 185 | |
| Select / deselect | 218 | |
| Select group hotkey | 94 | |
| Use ability | 61 | |
718 total
» units
| Wisp | 28 | |
| Archer | 5 | |
| Dryad | 11 | |
| Faerie Dragon | 7 | |
| Hippogryph | 1 | |
52 total
» upgrades
| Strength of the Wild | 3 | |
| Reinforced Hides | 3 | |
| Abolish Magic | 1 | |
| Nature's Blessing | 1 | |
| Well Spring | 1 | |
| Ultravision | 1 | |
10 total
» buildings
| Moon Well | 8 | |
| Altar of Elders | 1 | |
| Ancient of War | 1 | |
| Ancient of Wonders | 1 | |
| Hunter's Hall | 1 | |
| Tree of Ages | 1 | |
| Ancient of Lore | 2 | |
| Ancient of Wind | 1 | |
| Tree of Eternity | 1 | |
| Tree of Life | 1 | |
| Ancient Protector | 5 | |
23 total
» build order
00:30 Moon Well
00:45 Altar of Elders
00:56 Ancient of War
01:34 Moon Well
01:50 Ancient of Wonders
02:40 Hunter's Hall
03:39 Tree of Ages
05:11 Moon Well
06:15 Moon Well
06:47 Moon Well
07:08 Ancient of Lore
07:22 Ancient of Lore
07:29 Ancient of Wind
07:46 Tree of Eternity
08:07 Moon Well
08:59 Moon Well
09:29 Tree of Life
10:01 Ancient Protector
10:43 Ancient Protector
10:51 Ancient Protector
11:32 Ancient Protector
11:34 Ancient Protector
14:13 Moon Well
» items
| Boots of Speed | 1 | |
| Periapt of Vitality | 3 | |
| Scroll of Town Portal | 1 | |
| Orb of Venom | 1 | |
6 total
Chat log
(00:15 / All) trojan09: Good luck everyone
(00:21 / Allies) 2StOnE4u: grunt/sham/tauren/bm
(00:22 / All) ReignIForever: GL HF
(04:45 / Allies) thtcrazykush: yellow
(05:59 / Allies) 13rickSquad8: ima go chims i guess
(06:37 / Allies) thtcrazykush: mort tank here
(09:54 / Allies) ReignIForever: wood
(11:41 / Allies) thtcrazykush: all come
(13:20 / Allies) 13rickSquad8: wait for them to hit
(15:54 / Allies) thtcrazykush: lets move together?
(17:58 / Allies) thtcrazykush: need pink
(18:10 / Allies) 2StOnE4u: waiting hero
(19:03 / All) trojan09: fucking red was AFK all god damn game
(19:11 / All) ReignIForever: Did you at least have fun?
(19:12 / All) ReignIForever: I did
(19:18 / All) ReignIForever: I told you good luck have fun
(19:21 / All) ReignIForever: So I hope you had fun if not luck